 Dungeon Crawl Stone Soup version 0.29-a0-330-g52719c12eb (webtiles) character file.

Game seed: 13707356800808286974

70 Ajdolov the Shooter (level 4, 0/33 HPs)
             Began as a Human Hunter on May 5, 2022.
             Killed from afar by Sigmund (12 damage)
             ... with a puff of flame
             ... on level 2 of the Dungeon.
             The game lasted 00:02:05 (1283 turns).

Ajdolov the Shooter (Human Hunter)                  Turns: 1283, Time: 00:02:06

Health: 0/33       AC:  4    Str: 12    XL:     4   Next: 44%
Magic:  4/4        EV: 12    Int:  9    God:
Gold:   125        SH:  0    Dex: 18    Spells: 3/3 levels left

rFire   . . .      SeeInvis .   a - +1 shortbow
rCold   . . .      Faith    .   (shield currently unavailable)
rNeg    . . .      Spirit   .   b - +0 leather armour
rPois   .          Reflect  .   h - +0 helmet
rElec   .          Harm     .   (no cloak)
rCorr   .          Rampage  .   (no gloves)
Will    .....                   (no boots)
Stlth   ++........              (no amulet)
HPRegen 0.11/turn               (no ring)
MPRegen 0.09/turn               (no ring)

@: no status effects
A: no striking features
a: no special abilities


You were on level 2 of the Dungeon.
You visited 1 branch of the dungeon, and saw 2 of its levels.

You collected 125 gold pieces.

Inventory:

Hand Weapons
 a - a +1 shortbow (weapon)
Armour
 b - a +0 leather armour (worn)
 h - a +0 helmet (worn)
Wands
 g - a wand of flame (10)
Scrolls
 c - a scroll of immolation
 e - a scroll of amnesia {unknown}
 f - a scroll of teleportation {unknown}
 i - a scroll of enchant armour {unknown}
Potions
 d - 2 potions of degeneration {unknown}


   Skills:
 - Level 2.0 Fighting
 * Level 5.1 Bows
 - Level 2.0 Dodging
 + Level 2.4 Stealth


You had 3 spell levels left.
You didn't know any spells.
Your spell library was empty.

Dungeon Overview and Level Annotations

Branches:
Dungeon (2/15)

Altars:
Xom

Annotations:
D:2 Sigmund


Message History

You shoot an arrow. The arrow hits the adder.
You kill the adder!
Your life force feels restored.
You start resting.
HP restored.
Things that are here:
a +0 club; a hobgoblin corpse
Found a shimmering altar of Xom.
A hobgoblin comes into view.
You shoot an arrow. The arrow hits the hobgoblin.
The hobgoblin shouts!
The hobgoblin is heavily wounded.
You hear a shout!
You shoot an arrow.
Sigmund shouts!
The arrow hits the hobgoblin.
You kill the hobgoblin!
Sigmund gestures at you while chanting.
You are confused.
An endoplasm comes into view.
The endoplasm quivers.
A goblin comes into view. It is wielding a +0 dagger.
You're too confused to move!
The goblin shouts!
You bump into the rock wall.
Sigmund casts a spell at you. The puff of flame hits you!
You bump into the rock wall.
You bump into the rock wall.
You feel less confused.
Sigmund gestures wildly while chanting.
Sigmund flickers and vanishes!
Deactivating autopickup; reactivate with Ctrl-A.
Unknown command.
A magic dart appears from out of thin air!
The magic dart hits you!
Something tries to affect you, but you resist.
A puff of flame appears from out of thin air!
The puff of flame hits you!
You die...

# ###### #
..######################....####
...J....{......@............)...
..######g....######.####....####
#..._..# ####.## #....# #
###......# #.....# #....# #
..........# #.....# #....# #
###..(...## #.....# #....#
#..##### #.....# ###### ##.#
#.....# #[# ####.##


You could see a goblin.

Vanquished Creatures
  Robin (D:2)
  2 adders
  A dart slug (D:1)
  2 ball pythons
  A bat (D:2)
  4 endoplasms
  A giant cockroach (D:1)
  9 goblins
  8 hobgoblins
  2 kobolds
  A quokka (D:1)
  A frilled lizard (D:2)
33 creatures vanquished.

Notes
Turn   | Place    | Note
-------+----------+-------------------------------------------
     0 | D:1      | Ajdolov the Human Hunter began the quest for the Orb.
     0 | D:1      | Reached XP level 1. HP: 16/16 MP: 1/1
   211 | D:1      | Reached XP level 2. HP: 22/22 MP: 2/2
   441 | D:2      | Reached XP level 3. HP: 27/27 MP: 3/3
   488 | D:2      | Noticed Robin
   699 | D:2      | Noticed Sigmund
   857 | D:2      | Killed Robin
   858 | D:2      | Reached skill level 5 in Bows
   858 | D:2      | Reached XP level 4. HP: 21/31 MP: 4/4
   973 | D:2      | Found a faded altar of an unknown god.
  1252 | D:2      | Found a shimmering altar of Xom.
  1283 | D:2      | Killed from afar by Sigmund

Illustrated notes

Levels and vault maps discovered:
D:1:      dpeg_arrival_round_a, layout_rooms
D:2:      layout_basic, basic_altar, chequers_ecumenical_altar_simple,
          uniq_robin, uniq_sigmund

Skill      XL: |  1  2  3 |
---------------+----------+-----
Stealth        | 2 |  2.4
Bows           | 5 |  5.1
Fighting       | |  2.0
Dodging        | |  2.0

Action                   |  1- 3 |  4- 6 || total
-------------------------+-------+-------++-------
 Fire: Shortbow          |    74 |    21 ||    95
Armor: Leather armour    |    14 |    10 ||    24
Dodge: Dodged            |    32 |     6 ||    38

Table legend: (Time is in decaauts)
 A = Elapsed time spent in this place.
 B = Non-inter-level travel time spent in this place.
 C = Inter-level travel time spent in this place.
 D = Time resting spent in this place.
 E = Time spent auto-exploring this place.
 F = Levels seen in this place.
 G = Mean time per level.
                   A        B        C        D        E       F      G
               +--------+--------+--------+--------+--------+-----+--------+
         Total |   1316 |   1264 |     52 |    312 |    707 |   2 |  658.0 |
       Dungeon |   1316 |   1264 |     52 |    312 |    707 |   2 |  658.0 |
               +--------+--------+--------+--------+--------+-----+--------+

Top non-repeatable levels by time:
     D:1: 680 daAuts
     D:2: 635 daAuts
